 Dungeon Crawl Stone Soup version 0.29-a0-284-gf9362112df (webtiles) character file.

Game seed: 15299042868740893975

11 spaghetti the Sneak (level 2, 0/27 HPs)
             Began as a Deep Dwarf Delver on Mar 25, 2022.
             Slain by a wraith (5 damage)
             ... on level 7 of the Dungeon.
             The game lasted 00:00:33 (115 turns).

spaghetti the Sneak (Deep Dwarf Delver)              Turns: 115, Time: 00:00:34

Health: 0/27       AC:  3    Str: 15    XL:     2   Next: 13%
Magic:  1/1        EV: 12    Int: 10    God:
Gold:   0          SH:  0    Dex: 14    Spells: 1/1 levels left

rFire   . . .      SeeInvis .   a - +0 short sword {short}
rCold   . . .      Faith    .   (no shield)
rNeg    . . .      Spirit   .   b - +0 leather armour
rPois   .          Reflect  .   (no helmet)
rElec   .          Harm     .   (no cloak)
rCorr   .          Rampage  .   (no gloves)
Will    .....                   (no boots)
Stlth   +++.......              (no amulet)
HPRegen 0.00/turn               (no ring)
MPRegen 0.07/turn               (no ring)

@: hasted and slowed
A: damage resistance, heal wounds, sense surroundings 1, no regeneration
a: Heal Wounds


You were on level 7 of the Dungeon.
You visited 1 branch of the dungeon, and saw 3 of its levels.


Innate Abilities, Weirdness & Mutations

You are resistant to damage.
You can heal yourself by infusing magical energy.
You passively map a small area around you.
You do not regenerate.


   Skills:
 - Level 2.6 Fighting
 - Level 1.7 Short Blades
 - Level 2.1 Dodging
 + Level 6.6 Stealth


You had one spell level left.
You didn't know any spells.
Your spell library was empty.

Inventory:

Hand Weapons
 a - a +0 short sword (weapon) {short}
Missiles
 h - 10 stones {throwing}
Armour
 b - a +0 leather armour (worn)
Wands
 g - a wand of digging (3)
Scrolls
 c - a scroll of fog
 d - a scroll of magic mapping {!r}
 e - a scroll of fear
 i - a scroll of teleportation {unknown}

Dungeon Overview and Level Annotations

Branches:
Dungeon (7/15)
 Temple: D:4-7

Altars:

*** * * * #.., * * *
... , #.# * * **
#######.# , ** *
,*#.......#* , , , ,
#.......# ########## **
* , #.....W.##
#........# , , *
#..@.#.#.#......# *
#....#....#.#.###..# #
.....,#.####.#.#....#.#
, , ....
#.#<...#.#.##.#.#. ..#*
,#.######.#......F. ?
#........#....#.## ,,
+o..#####.#.###.###.F.
, , #.o..)..#.....# ##
* ,* #o############# *


You could see a wraith.


Message History

🤖 Initializing magus.rc ...
Options error: Delay interrupt name "hungry" not recognised. (~/.crawlrc:4761) Options error: Bad monster_list_colour key: strict_neutral (~/.crawlrc:4776) ✅ Successfully initialized magus.rc [v1.9.6] Welcome, spaghetti the Deep Dwarf Delver.
The wondrous Orb of Zot lies far below, as if waiting for you to find it.
Press ? for a list of commands and other information.
Found a scroll labelled FUWEIF RECISCH and 10 stones.
Found a stone staircase leading down.
h - 10 stones {throwing}
i - a scroll labelled FUWEIF RECISCH A hound comes into view.
(D) Dungeon
Where to? (? - help)
There is a stone staircase leading down here.
You climb downwards.
There is a stone staircase leading up here.
An adder is nearby!
Unknown command.
The helpless adder fails to defend itself.
You puncture the adder!
You kill the adder!
You have reached level 2! 😎 HP[+7] MP[+1]
You now have 27 max hp (+7).
Your hp is fully restored (27).
Your mp is fully restored (2).
You see here an adder corpse.
You open the door.
There is an open door here.
Found a stone staircase leading down.
A gnoll comes into view. It is wielding a +0 whip.
A gnoll sergeant comes into view. It is wielding a +0 spear.
The gnoll moves out of view.
A gnoll comes into view. It is wielding a +0 club.
There is a stone staircase leading down here.
You climb downwards.
There is a stone staircase leading up here.
Unknown command.
A bullfrog comes into view.
An orc comes into view. It is wielding a +0 dagger.
An orc warrior and an orc come into view.
An orc comes into view. It is wielding a +0 whip.
The helpless orc fails to defend itself.
You impale the orc!!
You kill the orc!
A wraith comes into view.
The helpless wraith fails to defend itself.
You puncture the wraith! The wraith closely misses you.
You closely miss the wraith. The wraith hits you. 😕 HP[-2]
You take 2 damage, and now have 25/27 hp.
You feel yourself speed up. The wraith closely misses you.
You barely miss the wraith. You hit the wraith but do no damage.
The wraith hits you! The wraith drains your vigour!
You feel yourself slow down.
You hit the wraith but do no damage. The wraith barely misses you. 😮 HP[-9]
You take 9 damage, and now have 16/27 hp.
MASSIVE DAMAGE!! (PAUSE) Unknown command.
You hit the wraith but do no damage. The wraith completely misses you.
You barely miss the wraith. The wraith hits you but does no damage.
You barely miss the wraith. The wraith hits you!
* * * LOW HITPOINT WARNING * * *
😱 HP[-11]
You take 11 damage, and now have 5/27 hp.
MASSIVE DAMAGE!! (PAUSE)
You aren't carrying any potions.
Your magical essence is drained by the effort!
You feel much better.
The wraith completely misses you. 😕 HP[+16] MP[-1]
You regained 16 hp, and now have 21/27 hp.
You hit the wraith but do no damage. The wraith hits you.
The wraith drains your vigour!
You feel as though you will be slow longer.
You hit the wraith but do no damage. The wraith hits you! 😮 HP[-7]
You take 7 damage, and now have 14/27 hp.
MASSIVE DAMAGE!! (PAUSE)
You barely miss the wraith. The wraith barely misses you.
You hit the wraith. The wraith hits you.
* * * LOW HITPOINT WARNING * * *
The wraith drains your vigour!
You feel as though you will be slow longer. 😨 HP[-4]
You take 4 damage, and now have 10/27 hp.
You hit the wraith but do no damage. The wraith hits you.
* * * LOW HITPOINT WARNING * * *
The wraith drains your vigour!
You feel as though you will be slow longer. 😱 HP[-5]
You take 5 damage, and now have 5/27 hp.
You hit the wraith but do no damage. The wraith hits you.
You die...

Action                   || total
-------------------------++-------
Melee: Short sword       ||    16
 Abil: Heal Wounds       ||     1
  Use: Potion            ||     1
 Stab: Sleeping          ||     3
Armor: Leather armour    ||     1
Dodge: Dodged            ||     6

Levels and vault maps discovered:
D:5:      layout_loops_corners, minmay_overflow_temple_star_hex,
          mainiacjoe_overflow_catch_the_wave, uniq_edmund
D:6:      layout_basic, grunt_qazlal_sundering, uniq_eustachio
D:7:      layout_basic, corexii_corridor_pit, chequers_jeans, chequers_avenue,
          uniq_menkaure

Notes
Turn   | Place    | Note
-------+----------+-------------------------------------------
     0 | D:5      | spaghetti the Deep Dwarf Delver began the quest for the
                  | Orb.
     0 | D:5      | Reached XP level 1. HP: 20/20 MP: 1/1
     0 | D:5      | magus.rc [v1.9.6]
    16 | D:5      | Noticed a hound
    38 | D:6      | Reached XP level 2. HP: 27/27 MP: 2/2
    57 | D:6      | Noticed a gnoll sergeant
    78 | D:7      | Noticed a bullfrog
    88 | D:7      | Noticed an orc warrior
    94 | D:7      | Noticed a wraith
   108 | D:7      | HP: 5/27 [wraith (11)]
   114 | D:7      | HP: 5/27 [wraith (5)]
   115 | D:7      | Slain by a wraith

Vanquished Creatures
  An adder (D:6)
  An orc (D:7)
2 creatures vanquished.

Table legend:
 A = Non-vault XP
 B = Vault XP
 C = Vault XP percentage of total XP
 D = Non-vault monster count
 E = Vault monster count
 F = Vault count percentage of total count
                 A         B        C        D         E       F
            +---------+---------+-------+---------+---------+-------
      Total |      16 |       0 |   0.0 |       2 |       0 |   0.0
            +---------+---------+-------+---------+---------+-------
        D:6 |      13 |       0 |   0.0 |       1 |       0 |   0.0
        D:7 |       3 |       0 |   0.0 |       1 |       0 |   0.0
            +---------+---------+-------+---------+---------+-------

Illustrated notes

Table legend:
 A = Kills in this place as a percentage of kills in entire the game.
 B = Kills by you in this place as a percentage of kills by you in the entire game.
 C = Kills by friends in this place as a percentage of kills by friends in the entire game.
 D = Other kills in this place as a percentage of other kills in the entire game.
 E = Experience gained in this place as a percentage of experience gained in the entire game.
 F = Experience gained in this place divided by the number of levels of this place that you have seen.
                   A       B       C       D       E      F
               +-------+-------+-------+-------+-------+----------------------
         Total | 100.0 | 100.0 |   N/A |   N/A | 100.0 |   5.3
       Dungeon | 100.0 | 100.0 |   N/A |   N/A | 100.0 |   5.3
               +-------+-------+-------+-------+-------+----------------------

Table legend: (Time is in decaauts)
 A = Elapsed time spent in this place.
 B = Non-inter-level travel time spent in this place.
 C = Inter-level travel time spent in this place.
 D = Time resting spent in this place.
 E = Time spent auto-exploring this place.
 F = Levels seen in this place.
 G = Mean time per level.
                   A        B        C        D        E       F      G
               +--------+--------+--------+--------+--------+-----+--------+
         Total |    114 |    105 |      9 |      0 |     46 |   3 |   38.0 |
       Dungeon |    114 |    105 |      9 |      0 |     46 |   3 |   38.0 |
               +--------+--------+--------+--------+--------+-----+--------+

Top non-repeatable levels by time:
     D:7: 53 daAuts
     D:5: 34 daAuts
     D:6: 26 daAuts
